 Dungeon Crawl Stone Soup version 0.27-a0-1312-g5cdb2b3542 (webtiles) character file.

Game seed: 14697864906798119325

21042 epicjoe the Severer (level 12, -3/169 HPs)
             Began as a Minotaur Berserker on June 19, 2021.
             Was an Elder of Trog.
             Slain by Rupert (15 damage)
             ... on level 2 of the Orcish Mines on June 20, 2021.
             The game lasted 02:09:04 (20066 turns).

epicjoe the Severer (Minotaur Berserker)           Turns: 20066, Time: 02:09:04

Health: -3/169     AC: 23    Str: 33    XL:     12   Next: 50%
Magic:  0/11       EV:  8    Int:  4    God:    Trog [****..]
Gold:   796        SH: 12    Dex: 10    Spells: 11/11 levels left

rFire    . . .     SeeInvis .   I - +6 war axe of the Lumpy Princes {freeze, +Blink}
rCold    . . .     Faith    .   y - +0 kite shield
rNeg     . . .     Spirit   +   T - +0 plate armour
rPois    .         Reflect  .   (helmet restricted)
rElec    .         Harm     .   r - +0 cloak
rCorr    .         Rampage  .   (no gloves)
Will     .....                  d - +1 pair of boots
Stlth    ..........             b - amulet of guardian spirit
HPRegen  0.38/turn              J - +6 ring of strength
MPRegen  0.12/turn              o - +4 ring of protection

@: berserking, studying Fighting, very quick
A: horns 2, retaliatory headbutt
a: Renounce Religion, Evoke Blink, Berserk, Trog's Hand, Brothers in Arms


You were on level 2 of the Orcish Mines.
You worshipped Trog.
Trog was greatly pleased with you.
You visited 4 branches of the dungeon, and saw 17 of its levels.
You visited 1 bazaar.

You collected 1239 gold pieces.
You spent 443 gold pieces at shops.

Inventory:

Hand Weapons
 e - the +7 hunting sling of the Hierophant {venom, rElec Str+3}
   (You found it on level 10 of the Dungeon)

   It poisons the ammo it fires.
   It affects your strength (+3).
   It insulates you from electricity.
 h - a +2 vorpal hunting sling
 i - a +4 quarterstaff of chaos
 D - a +1 whip of electrocution
 F - the +5 dagger "Cizuen" {drain, rC++ rCorr Int-3 Stlth+}
   (You found it on level 1 of the Lair of Beasts)

   A truly terrible weapon, it drains the life of those it strikes.
   It affects your intelligence (-3).
   It greatly protects you from cold.
   It protects you from acid and corrosion.
   It makes you more stealthy.
 I - the +6 war axe of the Lumpy Princes (weapon) {freeze, +Blink}
   (You found it on level 4 of the Dungeon)

   It has been specially enchanted to freeze those struck by it, causing extra
   injury to most foes and up to half again as much damage against particularly
   susceptible opponents.
   It can also slow down cold-blooded creatures.
   It lets you blink.
 N - a +1 vorpal battleaxe
 U - a +0 battleaxe
Missiles
 c - 155 arrows
 f - 8 boomerangs
 s - 55 bolts
 t - 2 boomerangs of dispersal
 C - 13 javelins
 E - 6 atropa-tipped darts
 H - 107 sling bullets
 L - 28 poisoned darts
 Y - 23 silver boomerangs
Armour
 d - a +1 pair of boots (worn)
 r - a +0 cloak (worn)
 y - a +0 kite shield (worn)
 R - +0 acid dragon scales
 T - a +0 plate armour (worn)
Jewellery
 b - an amulet of guardian spirit (around neck)
 m - a ring of poison resistance
 n - a ring of resist corrosion
 o - a +4 ring of protection (right hand)
 p - a ring of ice
 w - a ring of poison resistance
 x - a ring of protection from fire
 J - a +6 ring of strength (left hand)
 K - a ring of ice
 P - a ring of see invisible
Wands
 j - a wand of flame (13) (quivered)
 W - a wand of digging (10)
 X - a wand of polymorph (14)
Scrolls
 k - 2 scrolls of enchant weapon {unknown}
 l - 5 scrolls of enchant armour
 u - 7 scrolls of teleportation
 v - a scroll of brand weapon
 z - 2 scrolls of amnesia {unknown}
 O - a scroll of blinking {unknown}
 S - 7 scrolls of identify
 Z - a scroll of vulnerability {unknown}
Potions
 g - 3 potions of curing
 q - 2 potions of flight
 A - 2 potions of haste
 B - 3 potions of mutation {unknown}
 G - a potion of attraction
 M - a potion of cancellation {unknown}
 Q - 5 potions of might
 V - a potion of magic {unknown}
Miscellaneous
 a - a box of beasts


   Skills:
 + Level 12.7 Fighting
 + Level 15.0 Axes
 + Level 2.9(3.9) Slings
 + Level 3.5(4.0) Throwing
 + Level 12.7 Armour
 + Level 5.1 Dodging
 + Level 1.6 Stealth
 + Level 8.1 Shields
 + Level 1.6 Evocations


You had 11 spell levels left.
You didn't know any spells.
Your spell library was empty.

Dungeon Overview and Level Annotations

Branches:
Dungeon (12/15)            Temple (1/1) D:6            Lair (2/6) D:11
    Orc (2/2) D:10
  Swamp: Lair:2-4    Shoals: Lair:2-4     Snake: Lair:2-4    Spider: Lair:2-4
    Elf: Orc:2

Altars:
Ashenzari
Cheibriados
Dithmenos
Elyvilon
Fedhas
Gozag
Hepliaklqana
Kikubaaqudgha
Makhleb
Nemelex Xobeh
Okawaru
Qazlal
Ru
Sif Muna
Trog
Uskayaw
Vehumet
Wu Jian
Xom
Yredelemnul
Zin
The Shining One

Shops:
D:1 *   D:10 *   Orc:1 ?

Portals:
Trove: D:11 (give +5 ice dragon scales)

Annotations:
D:7 2 transporters
Orc:2 Rupert


Innate Abilities, Weirdness & Mutations

You have a pair of horns on your head.
You reflexively headbutt those who attack you in melee.


Message History

Press: ? - help, Q - select action, (/) - cycle Shift-Dir - straight line, f/p - Rupert
Aim: Rupert, wielding a +1 battleaxe of freezing and wearing a +0 scale mail (lightly wounded, 75% to hit)
The puff of flame hits Rupert!
Rupert is lightly wounded.
Rupert yells loudly at you.
You suddenly lose the ability to move!
Rupert looks confused.
Rupert roars madly and goes into a rage!
Rupert goes berserk!
Rupert rages.
Rupert hits you with a +1 battleaxe of freezing!!
Rupert freezes you.
The orc shouts!
Rupert hits you with a +1 battleaxe of freezing!!
Rupert freezes you!
Rupert hits you with a +1 battleaxe of freezing!!
Rupert freezes you!
* * * LOW HITPOINT WARNING * * *
Rupert hits you but does no damage.
You can move again.
A red film seems to cover your vision as you go berserk!
You feel yourself moving faster!
You feel mighty! You block Rupert's attack.
Rupert hits you with a +1 battleaxe of freezing!!
* * * LOW HITPOINT WARNING * * *
Rupert freezes you!
* * * LOW HITPOINT WARNING * * *
Unknown command.
You slice Rupert!! You freeze Rupert! You headbutt Rupert!
Rupert is moderately wounded.
You block Rupert's attack.
You slash Rupert! You freeze Rupert. You headbutt Rupert!
Rupert is heavily wounded.
You block Rupert's attack.
You slice Rupert!! You freeze Rupert!
Rupert is heavily wounded.
You are too berserk!
You hit Rupert. You freeze Rupert.
Rupert is heavily wounded.
Rupert hits you with a +1 battleaxe of freezing!
You die...

#.....###.................
#...#.##.............#...
####...................#...
##.#........#...............
#...#.......................
##.#....<...........).......
#..................@.<......
...#........................
#.......@@o..............
#........................
...............#............
#.##....##..................
# ##...#...................
##.###.........#........ ###
........... #...........
............


You could see Rupert (berserk) and an orc.

Vanquished Creatures
  A shambling mangrove (Lair:1)
  Erolcha (D:12)
  A two-headed ogre (D:10)
  Urug (Lair:2)
  Pikel (D:6)
  2 orc knights (Orc:1)
  2 oklob plants (Lair:1)
  A manticore (D:11)
  2 centaur zombies
  3 elephants (Lair:1)
  5 cane toads
  A gargoyle (D:10)
  The ghost of FizzleBang the Slasher, a novice DsAK of Lugonu (D:6)
  2 unseen horrors (D:11)
  A komodo dragon (shapeshifter) (D:9)
  Maggie (D:7)
  3 trolls
  4 polar bears (Lair:1)
  Grinder (D:4)
  Sigmund (D:5)
  2 wraiths (D:11)
  A basilisk (D:11)
  2 wyverns (D:9)
  3 vampire mosquitoes (D:11)
  2 steam dragons
  A warg (Orc:2)
  4 water moccasins
  16 orc warriors
  4 ice beasts
  6 black bears
  A necrophage (D:4)
  2 ogres
  A phantom (D:6)
  2 lemures (D:6)
  2 centaurs
  Blork the orc (D:4)
  4 kobold brigands
  5 bullfrogs
  2 gnoll sergeants
  4 scorpions
  A water moccasin zombie (D:6)
  22 killer bees
  14 wights
  4 howler monkeys
  3 bullfrog zombies
  4 hounds
  13 orc priests
  Crazy Yiuf (D:6)
  2 bullfrog skeletons
  2 centaur skeletons
  2 iguanas
  13 orc wizards
  A hound skeleton (D:4)
  3 howler monkey zombies
  9 gnolls
  6 adders
  A white imp (D:6)
  An adder skeleton (D:4)
  2 worms
  2 dart slugs
  73 orcs
  8 ball pythons
  8 endoplasms
  4 giant cockroaches
  6 goblins
  7 hobgoblins
  12 jackals
  8 kobolds
  7 quokkas
  6 bats
  6 rats
  A rat zombie (D:10)
352 creatures vanquished.

Vanquished Creatures (collateral kills)
  A manticore (D:11)
  2 orc warriors
  A gnoll sergeant (D:9)
  An orc priest (Orc:1)
  An orc wizard (D:9)
  4 gnolls (D:9)
  4 orcs
14 creatures vanquished.

Vanquished Creatures (others)
  A fungus (Lair:1)
  6 plants (Lair:1)
7 creatures vanquished.

Grand Total: 373 creatures vanquished

Notes
Turn   | Place    | Note
-------+----------+-------------------------------------------
     0 | D:1      | epicjoe the Minotaur Berserker began the quest for the Orb.
     0 | D:1      | Reached XP level 1. HP: 19/19 MP: 0/0
   105 | D:1      | Found Xosoim's Assorted Antiques.
   157 | D:1      | Reached XP level 2. HP: 25/27 MP: 1/1
   162 | D:1      | Reached skill level 4 in Axes
   389 | D:1      | Found a faded altar of an unknown god.
   678 | D:1      | Reached ** piety under Trog
   798 | D:2      | Reached XP level 3. HP: 33/33 MP: 2/2
   854 | D:3      | Noticed a scorpion
   859 | D:3      | Killed a scorpion
   860 | D:3      | Reached skill level 5 in Axes
   860 | D:3      | Reached XP level 4. HP: 40/41 MP: 3/3
  2315 | D:3      | Reached XP level 5. HP: 37/47 MP: 4/4
  2353 | D:4      | Found a shimmering blue altar of Sif Muna.
  2625 | D:4      | Noticed Grinder
  2627 | D:4      | Paralysed by Grinder for 7 turns
  2642 | D:4      | Killed Grinder
  2643 | D:4      | Reached skill level 5 in Fighting
  2643 | D:4      | Reached skill level 6 in Axes
  2643 | D:4      | Reached XP level 6. HP: 42/56 MP: 5/5
  2942 | D:4      | Reached skill level 5 in Armour
  3149 | D:3      | Found a sparkling altar of Nemelex Xobeh.
  3330 | D:4      | Reached XP level 7. HP: 61/61 MP: 6/6
  3410 | D:4      | Reached *** piety under Trog
  3411 | D:4      | Reached skill level 7 in Axes
  3411 | D:4      | Reached skill level 1 in Throwing
  3493 | D:5      | Entered Level 5 of the Dungeon
  3518 | D:5      | You fall into a shaft and drop 1 floor!
  3518 | D:6      | Found a transporter.
  3560 | D:6      | Found a broken altar of Ashenzari.
  3682 | D:5      | Noticed Pikel
  3692 | D:6      | Killed Pikel
  3693 | D:6      | Reached skill level 8 in Axes
  3693 | D:6      | Reached XP level 8. HP: 70/70 MP: 7/7
  3948 | D:5      | Reached skill level 9 in Axes
  3958 | D:5      | Noticed Blork the orc
  3974 | D:4      | Killed Blork the orc
  4622 | D:4      | Identified the +6 war axe of the Lumpy Princes {freeze,
                  | +Blink}
  4676 | D:4      | You fall into a shaft and drop 3 floors!
  5041 | D:5      | Found a bloodstained altar of Trog.
  5052 | D:5      | Reached skill level 10 in Axes
  5390 | D:5      | Noticed Sigmund
  5402 | D:5      | Killed Sigmund
  5403 | D:5      | Reached XP level 9. HP: 55/78 MP: 8/8
  5762 | D:1      | Bought a scroll labelled IXTUZANW RYAH for 23 gold pieces
  5771 | D:1      | Identified a scroll of acquirement
  5771 | D:1      | Acquired a manual of Fighting
  6164 | D:6      | Found a staircase to the Ecumenical Temple.
  6216 | D:6      | Noticed FizzleBang's ghost (novice DsAK)
  6218 | D:6      | Found a transporter.
  6340 | D:6      | Found a hazy altar of Hepliaklqana.
  6387 | D:6      | Found a runed translucent door.
  6388 | D:6      | Noticed Crazy Yiuf
  6392 | D:6      | Killed Crazy Yiuf
  6835 | D:7      | Noticed a gargoyle
  6839 | D:7      | Found an opulent altar of Gozag.
  6840 | D:7      | Noticed a kobold demonologist
  6845 | D:7      | Found a transporter.
  6855 | D:7      | Found a transporter.
  6946 | D:7      | Noticed Maggie
  6955 | D:7      | Killed Maggie
  7881 | D:6      | Killed FizzleBang's ghost
  7882 | D:6      | Reached skill level 11 in Axes
  7882 | D:6      | Reached skill level 1 in Stealth
  8681 | D:8      | Found a shadowy altar of Dithmenos.
  9306 | D:8      | Reached **** piety under Trog
  9307 | D:8      | Reached XP level 10. HP: 81/86 MP: 9/9
  9686 | D:9      | Reached skill level 10 in Armour
 10515 | D:10     | Entered Level 10 of the Dungeon
 10582 | D:9      | Reached skill level 1 in Shields
 10752 | D:9      | Found a snail-covered altar of Cheibriados.
 10832 | D:9      | Noticed a guardian serpent
 10832 | D:9      | a guardian serpent changed into a redback
 10850 | D:9      | Reached skill level 12 in Axes
 11320 | D:10     | Found Mivel's General Store.
 11589 | D:10     | Bought an amulet of guardian spirit for 420 gold pieces
 11737 | D:10     | Identified the +7 hunting sling of the Hierophant {venom,
                  | rElec Str+3}
 11853 | D:11     | Reached skill level 1 in Slings
 11895 | D:10     | Found a staircase to the Orcish Mines.
 11999 | Orc:1    | Entered Level 1 of the Orcish Mines
 12019 | Orc:1    | Noticed a two-headed ogre
 12036 | D:10     | Killed a two-headed ogre
 12036 | D:10     | Noticed a gargoyle
 12037 | D:10     | Reached XP level 11. HP: 53/99 MP: 6/10
 12040 | D:10     | Reached skill level 10 in Fighting
 12196 | Orc:1    | Reached skill level 13 in Axes
 12750 | Orc:1    | Reached ***** piety under Trog
 12945 | Orc:1    | Found Huoret's Magic Scroll Shoppe.
 12955 | Orc:1    | Noticed an orc knight
 12967 | Orc:1    | Killed an orc knight
 13196 | Orc:2    | Entered Level 2 of the Orcish Mines
 13240 | Orc:2    | Noticed an orc knight
 13452 | Orc:2    | Noticed Rupert
 14115 | D:11     | Reached skill level 5 in Shields
 14322 | D:11     | Found a staircase to the Lair.
 14419 | D:11     | Found a portal to a secret trove of treasure.
 14515 | D:11     | Reached skill level 1 in Evocations
 15187 | D:10     | Found an ancient bone altar of Kikubaaqudgha.
 15877 | D:12     | Reached skill level 14 in Axes
 15897 | D:12     | Found a flickering gateway to a bazaar.
 15898 | D:12     | Noticed Erolcha
 15918 | D:12     | Killed Erolcha
 15929 | Bazaar   | Entered a bazaar
 15979 | Bazaar   | Found Quwokuts's Antique Weapon Emporium.
 15998 | Bazaar   | Found Tyonue Lane's Jewellery Emporium.
 15998 | Bazaar   | Found Laugiq's Jewellery Shoppe.
 16138 | Lair:1   | Entered Level 1 of the Lair of Beasts
 16326 | Lair:1   | Reached XP level 12. HP: 97/112 MP: 9/11
 16539 | Lair:1   | Noticed a shambling mangrove
 16539 | Lair:1   | an oklob plant changed into a shambling mangrove
 16560 | Lair:1   | Killed a shambling mangrove
 17151 | Lair:1   | Identified the +5 dagger "Cizuen" {drain, rC++ rCorr Int-3
                  | Stlth+}
 17543 | Lair:2   | Noticed Urug
 17555 | Lair:2   | Killed Urug
 17556 | Lair:2   | Reached skill level 5 in Dodging
 19115 | Temple   | Entered the Ecumenical Temple
 19854 | Orc:1    | Reached skill level 15 in Axes
 19908 | Orc:2    | Paralysed by Rupert for 7 turns
 20056 | Orc:2    | Paralysed by Rupert for 6 turns
 20066 | Orc:2    | Slain by Rupert

Illustrated notes

Levels and vault maps discovered:
D:1:      mrwooster_arrival_statue_3, layout_loops_ring, serial_shops, shop,
          hellmonk_ecumenical_altar_zigzags
D:2:      layout_basic
D:3:      layout_rooms, nemelex_altar_shiori, due_unseen_surprise
D:4:      layout_gridville, kennysheep_mini, st_stairs_3, uniq_grinder
D:5:      layout_loops_ring, lemuel_doored_altar, uniq_pikel, uniq_sigmund,
          uniq_blork_the_orc
D:6:      layout_basic, marbit_many_paths, ashenzari_altar_1, temple_pool_b,
          gammafunk_ghost_arena, uniq_crazy_yiuf_cottage
D:7:      layout_cave_pods, gammafunk_temple_overflow_arena, enter_bailey_2,
          uniq_maggie
D:8:      layout_basic, nicolae_dithmenos_the_darkroom, minivault_24
D:9:      layout_roguey, amcnicky_altar_gilded
D:10:     layout_loops_ring, lemuel_zombie_altar_kikubaaqudgha,
          hiddenorc2_lemuel, serial_shops, shop, minivault_21, minivault_5,
          minmay_unpleasant_kobolds
D:11:     layout_grid_maze, lair_entry_dummy, nicolae_trove_entry_diagonal,
          st_stairs_4
D:12:     layout_gridville, serial_shops, bzr_entry_water,
          nicolae_wu_jian_glorious_leap, uniq_erolcha
Temple:   cyrus_circular_temple
Lair:1:   beast_lair_carwin_large_1, layout_chaotic_city,
          grunt_forest_small_clearings, minmay_lair_oklob_chamber,
          infiniplex_staircase_pool_2
Lair:2:   layout_hall_layers, grunt_forest_stairs_clearing, uniq_urug
Orc:1:    layout_caves, serial_shops, nicolae_square_shop
Orc:2:    grunt_orc_cross, layout_caves, uniq_rupert

Skill      XL: |  1  2  3  4  5  6  7  8  9 10 11 12 |
---------------+-------------------------------------+-----
Fighting       | 4 5 6 7 9 11 12 | 12.7
Axes           | 4 5 6 8 10 11 12 14 15 | 15.0
Armour         | 3 4 5 6 7 9 11 12 | 12.7
Dodging        | 3 4 5 |  5.1
Throwing       | 1 2 3 |  3.5
Stealth        | 1 |  1.6
Shields        | 4 7 8 |  8.1
Slings         | 1 2 |  2.9
Evocations     | 1 |  1.6

Action                   |  1- 3 |  4- 6 |  7- 9 | 10-12 || total
-------------------------+-------+-------+-------+-------++-------
Melee: Hand axe          |    52 |   130 |     7 |       ||   189
       Headbutt          |     6 |    17 |    35 |    88 ||   146
       War axe           |       |       |   158 |   439 ||   597
 Fire: Hunting sling     |       |     2 |     7 |    22 ||    31
Throw: Boomerang         |       |    10 |    31 |     2 ||    43
       Throwing net      |       |       |       |     1 ||     1
Invok: Trog's Hand       |       |     2 |       |     6 ||     8
       Berserk           |       |     1 |     2 |     2 ||     5
       Brothers in Arms  |       |       |       |     5 ||     5
 Abil: Evoke Blink       |       |       |     1 |       ||     1
Evoke: Wand              |       |       |       |    21 ||    21
  Use: Potion            |       |     2 |     3 |    10 ||    15
       Scroll            |       |       |    10 |     3 ||    13
Armor: Animal skin       |     5 |       |       |       ||     5
       Chain mail        |    18 |   142 |   116 |       ||   276
       Plate armour      |       |       |     9 |   246 ||   255
       Skin              |       |       |       |     7 ||     7
       Acid dragon scale |       |       |       |    28 ||    28
Dodge: Dodged            |    32 |    71 |    85 |   132 ||   320
Block: Kite shield       |       |       |     8 |   249 ||   257

Table legend: (Time is in decaauts)
 A = Elapsed time spent in this place.
 B = Non-inter-level travel time spent in this place.
 C = Inter-level travel time spent in this place.
 D = Time resting spent in this place.
 E = Time spent auto-exploring this place.
 F = Levels seen in this place.
 G = Mean time per level.
                   A        B        C        D        E       F      G
               +--------+--------+--------+--------+--------+-----+--------+
         Total |  20213 |  10112 |  10101 |   2949 |   1294 |  18 | 1122.9 |
       Dungeon |  16420 |   7724 |   8696 |   1840 |   1136 |  12 | 1368.3 |
        Temple |     47 |      1 |     46 |      0 |      0 |   1 |   47.0 |
          Lair |   1565 |   1040 |    525 |    464 |      0 |   2 |  782.5 |
  Orcish Mines |   2018 |   1184 |    834 |    645 |    158 |   2 | 1009.0 |
        Bazaar |    160 |    160 |      0 |      0 |      0 |   1 |  160.0 |
               +--------+--------+--------+--------+--------+-----+--------+

Top non-repeatable levels by time:
     D:6: 1990 daAuts
     D:8: 1879 daAuts
   Orc:1: 1876 daAuts
    D:10: 1836 daAuts
     D:4: 1732 daAuts
  Lair:1: 1475 daAuts
     D:7: 1430 daAuts
    D:11: 1398 daAuts
     D:3: 1294 daAuts
     D:1: 1269 daAuts
     D:9: 1184 daAuts
     D:2: 1166 daAuts
     D:5: 1149 daAuts
  Bazaar: 160 daAuts
   Orc:2: 142 daAuts
